 Dungeon Crawl Stone Soup version 0.28.0-45-g0d030f2227 (webtiles) character file.

Game seed: 16037005076216837169

3926 brightshaft the Digger (level 9, -2/60 (62) HPs)
             Began as a Demigod Earth Elementalist on Apr 16, 2022.
             Slain by an unseen horror (4 damage)
             ... on level 8 of the Dungeon.
             The game lasted 00:16:31 (10537 turns).

brightshaft the Digger (DgEE)                      Turns: 10537, Time: 00:16:31

HP:   -2/60 (62)    AC:  7    Str:  9    XL:     9   Next: 70%
MP:   6/21          EV: 11    Int: 29    God:
Gold: 475           SH:  5    Dex: 14    Spells: 11/19 levels left

rFire   . . .      SeeInvis .   d - staff of earth
rCold   . . .      Faith    .   n - +0 buckler
rNeg    . . .      Spirit   .   x - +0 steam dragon scales
rPois   .          Reflect  .   (no helmet)
rElec   .          Harm     .   r - +0 cloak
rCorr   .          Rampage  .   y - +0 pair of gloves
Will    .....                   (no boots)
Stlth   ++........              (no amulet)
HPRegen 0.20/turn               (no ring)
MPRegen 0.17/turn               (no ring)

@: lightly drained
A: high MP 1, forlorn, divine attributes
a: no special abilities


You were on level 8 of the Dungeon.
You visited 1 branch of the dungeon, and saw 8 of its levels.

You collected 475 gold pieces.

Inventory:

Missiles
 b - 13 poisoned darts
 c - 114 stones
Armour
 n - a +0 buckler (worn)
 r - a +0 cloak (worn)
 v - a +2 robe
 x - +0 steam dragon scales (worn)
 y - a +0 pair of gloves (worn)
Magical Staves
 d - a staff of earth (weapon)
Jewellery
 A - a ring of resist corrosion
Wands
 k - a wand of polymorph (12)
 q - a wand of iceblast (7)
 B - a wand of paralysis (6)
 C - a wand of digging (9)
Scrolls
 e - a scroll of blinking
 m - 3 scrolls of teleportation {unknown}
 s - 2 scrolls of summoning {unknown}
 t - 4 scrolls of identify {unknown}
 u - a scroll of enchant armour {unknown}
 w - a scroll of noise {unknown}
 z - a scroll of acquirement {unknown}
Potions
 a - 8 potions of curing {@q1}
 f - a potion of flight {unknown}
 g - a potion of mutation {unknown}
 h - a potion of resistance {unknown}
 i - 2 potions of haste {@q3}
 j - a potion of brilliance {unknown}
 l - a potion of might {unknown}
 o - a potion of invisibility {unknown}
 p - 3 potions of lignification {unknown}


   Skills:
 + Level 2.9 Staves
 - Level 1.7 Dodging
 - Level 1.7 Stealth
 - Level 4.0 Shields
 + Level 5.6 Spellcasting
 + Level 5.3 Conjurations
 + Level 4.0 Transmutations
 * Level 7.5 Earth Magic
 + Level 3.6 Evocations


You had 11 spell levels left.
You knew the following spells:

 Your Spells              Type           Power      Damage    Failure   Level
a - Sandblast             Erth           100%       2d20      1%          1
b - Stone Arrow           Conj/Erth      100%       3d13      1%          3
c - Petrify               Tmut/Erth      58%        N/A       7%          4

Your spell library contained the following spells:

 Spells                   Type           Power      Damage    Failure   Level
 Beastly Appendage        Tmut           62%        N/A       1%          1
 Magic Dart               Conj           100%       1d8       1%          1
 Passwall                 Tmut/Erth      48%        N/A       1%          2
 Searing Ray              Conj           78%        2d7       1%          2
 Wereblood                Tmut           31%        N/A       2%          2
 Spider Form              Tmut/Pois      19%        N/A       10%         3
 Fulminant Prism          Conj/Hex       11%        3d9       26%         4
 Summon Forest            Summ/Tloc      4%         N/A       91%         5
 Summon Mana Viper        Hex/Summ       8%         N/A       91%         5
 Summon Cactus Giant      Summ           4%         N/A       100%        6


Dungeon Overview and Level Annotations

Branches:
Dungeon (8/15)             Temple (0/1) D:6
   Lair: D:8-11

Shops:
D:5 =   D:6 (   D:8 *


Innate Abilities, Weirdness & Mutations

You have an increased reservoir of magic. (+10% MP)
You shall have no god before yourself.
Your divine heritage dramatically boosts your attributes as you level up.


Message History

a +2 dagger of speed; a +0 robe Something hits you.
Things that are here:
a +4 spear; a +0 robe Something hits you but does no damage.
Something hits you! Something hits you! Something hits you but does no damage.
Something hits you.
* * * LOW HITPOINT WARNING * * *
Something hits you but does no damage. Something hits you.
* * * LOW HITPOINT WARNING * * *
Something hits you but does no damage. Something hits you.
* * * LOW HITPOINT WARNING * * *
Aiming: Stone Arrow (safe; 1% risk of failure)
Press: ? - help, Q - select action, (/) - cycle Shift-Dir - straight line You feel a surge of power!
You block something's attack. Something hits you.
* * * LOW HITPOINT WARNING * * *
Aiming: Stone Arrow (safe; 1% risk of failure)
Press: ? - help, Q - select action, (/) - cycle Shift-Dir - straight line You feel a surge of power!
The stone arrow hits something!
Something hits you.
* * * LOW HITPOINT WARNING * * *
You block something's attack.
Aiming: Stone Arrow (safe; 1% risk of failure)
Press: ? - help, Q - select action, (/) - cycle Shift-Dir - straight line You feel a surge of power!
You block something's attack. Something hits you but does no damage.
Aiming: Stone Arrow (safe; 1% risk of failure)
Press: ? - help, Q - select action, (/) - cycle Shift-Dir - straight line You feel a surge of power!
The stone arrow hits something!
Something barely misses you.
Aiming: Stone Arrow (safe; 1% risk of failure)
Press: ? - help, Q - select action, (/) - cycle Shift-Dir - straight line You feel a surge of power!
Something hits you.
You die...

#.#.#...§.###
#...........#
#####)..∩.....#
..............#
...#..≈...≈...#
...##.........#
<..###........# ..)#
#........##########
...#
#..........@{.....####
...#
#........########....##
...# #.........
...........# ...# .
.#.#.#.#.#..## ...#
.............# ...###
.# #.#.#.#.#.#..#
.....# .#.
.............# .....#
..#.#.#.#.#.#.#.#.#
.....#
..................##


There were no monsters in sight!

Vanquished Creatures
  A centaur zombie (D:7)
  Joseph (D:8)
  Grinder (D:5)
  3 yaks (D:8)
  Eustachio (D:5)
  A steam dragon (D:6)
  3 orc warriors (D:8)
  A sky beast (D:5)
  A black bear (D:7)
  A centaur (D:8)
  2 ogres
  2 phantoms
  Blork the orc (D:5)
  A kobold brigand (D:6)
  2 bullfrogs
  A scorpion (D:6)
  A water moccasin zombie (D:5)
  9 wights (D:8)
  2 howler monkeys
  A gnoll shaman (D:4)
  2 hounds
  An orc priest (D:8)
  2 jellies (D:5)
  A bullfrog skeleton (D:7)
  Jessica (D:2)
  5 iguanas (D:5)
  An orc wizard (D:5)
  Natasha (thrice) (D:3)
  A howler monkey zombie (D:8)
  4 gnolls (D:4)
  A howler monkey skeleton (D:4)
  6 adders
  2 worms (D:2)
  4 dart slugs
  21 orcs
  7 endoplasms
  5 giant cockroaches
  A goblin (D:2)
  2 hobgoblins (D:4)
  4 quokkas
  12 ball pythons
  A bat (D:1)
  3 frilled lizards
  9 kobolds
  3 rats
138 creatures vanquished.

Notes
Turn   | Place    | Note
-------+----------+-------------------------------------------
     0 | D:1      | brightshaft the Demigod Earth Elementalist began the quest
                  | for the Orb.
     0 | D:1      | Reached XP level 1. HP: 14/14 MP: 5/5
   538 | D:1      | Reached skill level 3 in Earth Magic
   684 | D:1      | Reached XP level 2. HP: 6/20 MP: 5/7
  1741 | D:2      | Reached XP level 3. HP: 20/26 MP: 4/8
  1822 | D:2      | Reached skill level 1 in Staves
  1843 | D:2      | Reached skill level 1 in Evocations
  2554 | D:2      | Learned a level 3 spell: Stone Arrow
  2604 | D:2      | Reached XP level 4. HP: 20/33 MP: 7/10
  2937 | D:2      | Noticed Jessica
  2942 | D:2      | Killed Jessica
  3262 | D:3      | Noticed Natasha
  3264 | D:3      | Killed Natasha
  3265 | D:3      | Reached skill level 1 in Conjurations
  3322 | D:3      | Noticed Natasha
  3325 | D:3      | Killed Natasha
  3326 | D:3      | Reached XP level 5. HP: 38/38 MP: 7/12
  3906 | D:3      | Noticed Natasha
  4050 | D:3      | Killed Natasha
  4051 | D:3      | Reached skill level 4 in Earth Magic
  4798 | D:4      | Reached skill level 1 in Shields
  4798 | D:4      | Reached XP level 6. HP: 13/45 MP: 6/13
  5299 | D:5      | Entered Level 5 of the Dungeon
  5325 | D:5      | Noticed Eustachio
  5332 | D:5      | Killed Eustachio
  5560 | D:5      | Reached XP level 7. HP: 50/50 MP: 14/16
  5702 | D:5      | Reached skill level 5 in Earth Magic
  5721 | D:5      | Found Meecw's Jewellery Boutique.
  5827 | D:5      | Learned a level 4 spell: Petrify
  5842 | D:5      | Reached skill level 1 in Transmutations
  6347 | D:5      | Noticed Blork the orc
  6354 | D:5      | Killed Blork the orc
  6507 | D:5      | Noticed Grinder
  6513 | D:5      | Killed Grinder
  6514 | D:5      | Reached XP level 8. HP: 57/57 MP: 4/18
  6697 | D:6      | Found a staircase to the Ecumenical Temple.
  7147 | D:6      | Found Omaviuph's Antique Weapon Shoppe.
  7628 | D:7      | Reached skill level 6 in Earth Magic
  8490 | D:8      | Noticed Joseph
  8500 | D:7      | Reached skill level 5 in Spellcasting
  8625 | D:8      | Killed Joseph
  8626 | D:8      | Reached XP level 9. HP: 28/62 MP: 7/20
  8883 | D:8      | Found Fira's Elemental Accessories.
  9057 | D:8      | Reached skill level 7 in Earth Magic
  9091 | D:8      | Reached skill level 5 in Conjurations
 10533 | D:8      | HP: 3/60 [something (4)]
 10537 | D:8      | Slain by an unseen horror

Illustrated notes

Levels and vault maps discovered:
D:1:      giann_horns, layout_basic
D:2:      layout_basic, uniq_jessica
D:3:      layout_loops_corners, minitemple, amcnicky_mini_pool_small,
          uniq_natasha
D:4:      minmay_spotlight, layout_cave_pods, serial_glass, glass_columns_a,
          glass_columns_a
D:5:      layout_rooms, mainiacjoe_overflow_24_doors, serial_shops,
          nicolae_square_shop, minmay_puff, uniq_blork_the_orc, uniq_eustachio,
          uniq_grinder
D:6:      layout_gridville, nicolae_gozag_cash_rules_everything_around_me,
          minmay_temple_entry_junction, serial_shops, nicolae_take_the_stairs
D:7:      layout_loops_corners, mainiacjoe_overflow_alcove_2,
          overflow_temple_1_default
D:8:      layout_basic, yredelemnul_forgotten_temple_becter, special_room
          [special_room_orc], hex_large, nicolae_elemental_shop, uniq_harold,
          uniq_joseph

Skill      XL: |  1  2  3  4  5  6  7  8  9 |
---------------+----------------------------+-----
Earth Magic    | 3 4 5 6 7 |  7.5
Spellcasting   | 2 3 4 5 |  5.6
Staves         | 1 2 |  2.9
Evocations     | 1 2 3 |  3.6
Conjurations   | 1 2 3 4 5 |  5.3
Shields        | 1 2 3 4 |  4.0
Transmutations | 2 3 4 |  4.0
Dodging        | |  1.7
Stealth        | |  1.7

Action                   |  1- 3 |  4- 6 |  7- 9 || total
-------------------------+-------+-------+-------++-------
Melee: Staff             |    49 |    63 |    54 ||   166
       Punch             |     1 |       |       ||     1
 Cast: Sandblast         |    37 |    46 |    17 ||   100
       Stone Arrow       |       |     3 |   115 ||   118
  Use: Scroll            |       |       |     4 ||     4
 Stab: Sleeping          |     2 |     2 |     1 ||     5
Armor: Robe              |     9 |     9 |     3 ||    21
       Steam dragon scal |       |       |    21 ||    21
Dodge: Dodged            |    49 |    42 |    61 ||   152
Block: Buckler           |       |     8 |    28 ||    36
